Cogmind - Beta 13 @@@ ROGUE MODE // 2024.05.24 @ 14:49:29 Player: kupcio12 Result: Self-destructed Performance ------------- Evolutions (1) 500 Regions Visited (5) 1000 Robots Destroyed (38) 190 Value Destroyed (755) 755 Prototype IDs (1) 20 Alien Tech Used (0) 0 Bonus (2) 2 TOTAL SCORE: 2467 Bonus ------- High Alert Combat Kills 2 Cogmind --------- Core Integrity 142/400 Matter 262/300 Energy 250/250 System Corruption 5% Temperature Cool (0) Movement Rolling (115) Ox1 Location -8/Mines Parts ------- > --- POWER (1) -------- Ion Engine > --- PROPULSION (2) --- Armored Huge Wheel > --- UTILITY (4) ------ Large Storage Unit Improved Targeting Computer > --- WEAPON (2) ------- Autogun Autogun > --- INVENTORY (15) --- Ion Engine Aluminum Leg Aluminum Leg Wheel Wheel Compact Wheel Compact Wheel Improved Heat Sink Small Laser Gauss Rifle Missile Launcher Missile Launcher Datajack Peak State ------------ > --- POWER ------------ Ion Engine > --- PROPULSION ------- Armored Huge Wheel > --- UTILITY ---------- Large Storage Unit Improved Targeting Computer Light Armor Plating Field Recycling Unit > --- WEAPON ----------- Autogun Autogun > --- INVENTORY -------- Ion Engine Light Ion Engine Aluminum Leg Aluminum Leg Wheel Compact Wheel Compact Wheel Improved Heat Sink Small Storage Unit Small Laser Autogun Autogun Missile Launcher Missile Launcher Datajack [Rating: 21] Favorites ----------- Power Ion Engine Engine Ion Engine Propulsion Wheel Wheel Wheel Utility Improved Targeting Computer Device Field Recycling Unit Storage Large Storage Unit Processor Improved Targeting Computer Hackware System Shield Protection Light Armor Plating Weapon Autogun Energy Gun EM Pulse Gun Ballistic Gun Autogun Launcher Missile Launcher Special Melee Weapon Datajack Build | -11 -10 -9 -9 -9 -8 ------- Run | Yrd Mat Mat Min Exi Min Slots Evolved 2 | . . 2 . . . Power . | . . . . . . Propulsion . | . . . . . . Utility 2 | . . 2 . . . Weapon . | . . . . . . Parts Attached 39 | 6 5 18 7 . 3 Power 4 | 1 . 3 . . . Engine 4 | 1 . 3 . . . Core . | . . . . . . Reactor . | . . . . . . Propulsion 9 | 2 . 2 4 . 1 Treads . | . . . . . . Leg . | . . . . . . Wheel 9 | 2 . 2 4 . 1 Hover . | . . . . . . Flight . | . . . . . . Utility 8 | 1 . 6 1 . . Device 2 | . . 2 . . . Storage 2 | 1 . 1 . . . Processor 2 | . . 2 . . . Hackware 1 | . . 1 . . . Protection 1 | . . . 1 . . Artifact . | . . . . . . Weapon 18 | 2 5 7 2 . 2 Energy Gun 5 | 2 2 1 . . . Energy Cannon . | . . . . . . Ballistic Gun 7 | . . 3 2 . 2 Ballistic Cannon . | . . . . . . Launcher 2 | . . 2 . . . Special Weapon . | . . . . . . Impact Weapon . | . . . . . . Slashing Weapon . | . . . . . . Piercing Weapon . | . . . . . . Special Melee Weapon 4 | . 3 1 . . . Unidentified Prototypes 1 | . . 1 . . . Parts Lost 13 | . 1 5 3 4 . Power . | . . . . . . Propulsion 3 | . . 1 2 . . Utility 4 | . . 1 1 2 . Weapon 6 | . 1 3 . 2 . Highest Loss Streak 4 | . 1 2 1 4 . To Critical Strikes 1 | . . . . 1 . Average Slot Usage (%) 87 | . 84 92 90 78 55 Engine 11 | . 14 11 11 11 11 Wheel 18 | . 28 21 14 11 11 Device 7 | . . 9 11 9 . Storage 11 | . 14 11 11 11 11 Processor 8 | . . 8 11 11 11 Hackware 4 | . . 9 1 . . Protection 3 | . . . 8 8 . Energy Gun 4 | . 19 6 . . . Ballistic Gun 11 | . . 6 22 16 11 Launcher 2 | . . 6 . . . Special Melee Weapon 1 | . 7 1 . . . Naked Turns . | . . . . . . Heaviest Build 42 | 11 11 41 42 42 31 Greatest Support 28 | 20 20 20 28 28 28 Greatest Overweight (x) 13 | . . 2 13 1 1 Average Overweight (x) 1 | . . . 2 . . Largest Inventory Capacity 15 | 8 8 15 15 15 15 Average Capacity 12 | 7 8 10 15 15 15 Most Carried 15 | 3 8 15 15 15 15 Average Carried 10 | 1 6 8 14 15 14 Final Capacity 15 | 8 8 15 15 15 15 Final Carried 15 | 3 8 15 15 15 13 Class Distribution -------------------- 100% | Mutant Dominant Class ---------------- Mutant | -10/Materials Mutant | -9/Materials Mutant | -9/Mines Mutant | -9/Exiles Mutant | -8/Mines Resources | -11 -10 -9 -9 -9 -8 ----------- Run | Yrd Mat Mat Min Exi Min Matter Collected 848 | 249 56 305 238 . . Remotely . | . . . . . . Salvage Created 880 | . 81 579 220 . . Parts 72 | . 9 39 24 . . Haulers Intercepted . | . . . . . . Recyclers Shooed 1 | . . 1 . . . Parts Field Recycled 60 | . . 26 31 3 . Retrieved Matter 276 | . . 121 130 25 . Parts Self-Destructed . | . . . . . . Prevented . | . . . . . . Kills | -11 -10 -9 -9 -9 -8 ------- Run | Yrd Mat Mat Min Exi Min Combat Hostiles Destroyed 25 | . 3 12 10 . . Guns 14 | . 2 2 10 . . AOE 11 | . 1 10 . . . Classes Destroyed 9 | . 2 7 . . . Worker 3 | . . 3 . . . Builder 4 | . 1 3 . . . Recycler 4 | . . 4 . . . Watcher 2 | . . 2 . . . Swarmer 11 | . 3 . 8 . . Grunt 8 | . . 7 1 . . Brawler 2 | . . 1 1 . . Duelist 1 | . . 1 . . . Sentry 3 | . . 3 . . . Best Kill Streak 10 | . 3 10 3 . . Combat Bots Only 6 | . 2 6 3 . . Max Kills in Single Turn 3 | . 1 3 2 . . Gunslinging 1 | . . . 1 . . Exploded 2 | . 1 2 . . . Melee . | . . . . . . Uniques/NPCs Destroyed . | . . . . . . Combat | -11 -10 -9 -9 -9 -8 -------- Run | Yrd Mat Mat Min Exi Min Hostile Shots Fired 164 | . 22 69 30 43 . Missed 58 | . 6 27 13 12 . Damage Taken 1437 | . 139 548 241 509 . Core 278 | . 20 113 22 123 . Absorbed by Shields . | . . . . . . Core Remaining (%) 96 | 100 92 . . . . Volleys Fired 69 | . 15 30 24 . . Largest 2 | . 2 2 2 . . Hottest 80 | . 80 76 46 . . Shots Fired 122 | . 21 52 48 1 . Gun 100 | . 21 30 48 1 . Cannon . | . . . . . . Launcher 22 | . . 22 . . . Special . | . . . . . . Kinetic 67 | . . 18 48 1 . Thermal 6 | . 6 . . . . Explosive 22 | . . 22 . . . Electromagnetic 27 | . 15 12 . . . Robot Hit Streak 11 | . 6 11 4 2 . Robot Miss Streak 4 | . 3 3 4 . . Penetration Max . | . . . . . . Secondary Targets 3 | . 1 . 2 . . Max Gunslinging Chain 1 | . 1 . 1 . . Shots Hit Robots 86 | . 18 42 25 1 . Core Hits 56 | . 4 41 11 . . Critical Kills . | . . . . . . Critical Parts Destroyed . | . . . . . . Critical Strikes . | . . . . . . Melee Attacks 14 | . 8 6 . . . Impact . | . . . . . . Slashing . | . . . . . . Piercing . | . . . . . . Sneak Attacks 11 | . 5 6 . . . Combat Hostiles . | . . . . . . Follow-up Attacks . | . . . . . . Damage Inflicted 2563 | . 142 2035 370 16 . Guns 781 | . 118 277 370 16 . Cannons . | . . . . . . Explosions 1782 | . 24 1758 . . . Melee . | . . . . . . Ramming . | . . . . . . Kinetic 566 | . . 180 370 16 . Thermal 130 | . 34 96 . . . Explosive 1638 | . . 1638 . . . Electromagnetic 229 | . 108 121 . . . Impact . | . . . . . . Slashing . | . . . . . . Piercing . | . . . . . . Highest Corruption 5 | . . . 5 5 5 Average Corruption 5 | . . . 5 5 5 Corruption Purged . | . . . . . . Corruption Blocked . | . . . . . . Effects 15 | . . . 9 2 4 Message Errors 3 | . . . 2 . 1 Matter Fused 2 | . . . 1 . 1 Heat Flow Errors 3 | . . . 2 1 . Energy Discharges 2 | . . . 2 . . Parts Rejected 2 | . . . 1 . 1 Data Loss (minor) 1 | . . . . . 1 Data Loss (major) 1 | . . . 1 . . Misfires 1 | . . . . 1 . Overload Shots . | . . . . . . Overflow Damage 29 | . . 29 . . . Projectiles . | . . . . . . Explosions 29 | . . 29 . . . Melee . | . . . . . . Knockbacks . | . . . . . . Impact . | . . . . . . Kinetic . | . . . . . . Secondary . | . . . . . . Self-Inflicted Damage 55 | . 23 32 . . . Shots 2 | . 1 1 . . . Rammed . | . . . . . . Targets Rammed . | . . . . . . Kicked . | . . . . . . Crushed . | . . . . . . Highest Temperature 288 | . 120 288 206 176 . Average Temperature 48 | . 59 40 47 85 . Received Heat Transfer 325 | . . 165 . 160 . Siege Activations . | . . . . . . Robots Corrupted . | . . . . . . Combat Hostiles . | . . . . . . Parts Fried . | . . . . . . Impact Corruptions . | . . . . . . Robots Melted . | . . . . . . Combat Hostiles . | . . . . . . Parts Melted . | . . . . . . Heat Transferred 175 | . 75 100 . . . Parts Sabotaged . | . . . . . . Parts Stolen . | . . . . . . Parts Stripped . | . . . . . . Power Chain Reactions 2 | . 1 1 . . . Alert | -11 -10 -9 -9 -9 -8 ------- Run | Yrd Mat Mat Min Exi Min Peak Influence 422 | . 147 402 422 . 30 Initial 152 | . . 61 152 . . Average 160 | . 63 145 263 . 12 Maximum Alert Level 2 | . . 2 2 . . Low Security (%) 61 | 100 100 64 31 . 100 Level 1 34 | . . 32 60 . . Level 2 4 | . . 3 7 . . Level 3 . | . . . . . . Level 4 . | . . . . . . Level 5 . | . . . . . . High Security . | . . . . . . Max Security . | . . . . . . Squads Dispatched 3 | . 1 2 . . . Investigation 2 | . 1 1 . . . Extermination . | . . . . . . Reinforcement 1 | . . 1 . . . Assault . | . . . . . . Garrison . | . . . . . . Intercept . | . . . . . . Searches Triggered . | . . . . . . Construction Impeded . | . . . . . . Haulers Reinforced . | . . . . . . Active Scanning Responses . | . . . . . . Cargo Convoy Interrupts . | . . . . . . Stealth | -11 -10 -9 -9 -9 -8 --------- Run | Yrd Mat Mat Min Exi Min Distress Signals 2 | . . 2 . . . Communications Jammed . | . . . . . . Distress Signals . | . . . . . . Times Spotted 51 | . 7 22 12 8 2 Peak Tracking Total 9 | . 3 7 4 9 2 Tactical Retreats 5 | . 2 . 2 . 1 Traps | -11 -10 -9 -9 -9 -8 ------- Run | Yrd Mat Mat Min Exi Min Traps Triggered 3 | . . 1 2 . . Indirectly . | . . . . . . Trap Hack Attempts . | . . . . . . Triggered . | . . . . . . Disarmed . | . . . . . . Reprogrammed . | . . . . . . Reused . | . . . . . . Traps Extracted . | . . . . . . Installed . | . . . . . . Triggered . | . . . . . . Machines | -11 -10 -9 -9 -9 -8 ---------- Run | Yrd Mat Mat Min Exi Min Machines Disabled 4 | . . 4 . . . Max in Single Turn 1 | . . 1 . . . Machines Repaired . | . . . . . . Machines Dismantled . | . . . . . . Machines Sabotaged . | . . . . . . Overloaded Fab Kills . | . . . . . . Hacking | -11 -10 -9 -9 -9 -8 --------- Run | Yrd Mat Mat Min Exi Min Machines Accessed 6 | . 2 3 1 . . Terminals 4 | . 2 2 . . . Fabricators . | . . . . . . Repair Stations . | . . . . . . Recycling Units 1 | . . 1 . . . Scanalyzers . | . . . . . . Garrison Access . | . . . . . . Total Hacks 20 | . 9 10 1 . . Successful 12 | . 5 6 1 . . Failed 8 | . 4 4 . . . Catastrophic 2 | . 2 . . . . Database Lockouts . | . . . . . . Manual . | . . . . . . Terminals 17 | . 9 8 . . . Fabricators . | . . . . . . Repair Stations . | . . . . . . Recycling Units 2 | . . 2 . . . Scanalyzers . | . . . . . . Garrison Access . | . . . . . . Terminal Hacks 11 | . 5 5 1 . . Record 7 | . 2 5 . . . Open Door 1 | . . . 1 . . Alert Level 2 | . 2 . . . . Locate Traps 1 | . 1 . . . . Fabricator Hacks . | . . . . . . Repair Station Hacks . | . . . . . . Recycling Unit Hacks 1 | . . 1 . . . Retrieve Components 1 | . . 1 . . . Scanalyzer . | . . . . . . Garrison Access Hacks . | . . . . . . Unauthorized Hacks . | . . . . . . Terminals . | . . . . . . Fabricators . | . . . . . . Repair Stations . | . . . . . . Recycling Units . | . . . . . . Scanalyzers . | . . . . . . Garrison Access . | . . . . . . Data Cores Recovered . | . . . . . . Used . | . . . . . . Hacking Detections 4 | . 2 2 . . . Full Trace Events 2 | . 1 1 . . . Feedback Events . | . . . . . . Feedback Blocked . | . . . . . . Robot Schematics Acquired . | . . . . . . Robots Built . | . . . . . . Authchips . | . . . . . . Time . | . . . . . . Total Robot Build Rating . | . . . . . . Part Schematics Acquired . | . . . . . . Parts Built . | . . . . . . Authchips . | . . . . . . Time . | . . . . . . Total Part Build Rating . | . . . . . . Parts Repaired . | . . . . . . Time . | . . . . . . Parts Recycled . | . . . . . . Recycled Matter . | . . . . . . Retrieved Matter . | . . . . . . Retrieved Components 3 | . . 3 . . . Parts Scanalyzed . | . . . . . . Part Schematics Acquired . | . . . . . . Parts Damaged . | . . . . . . Bothacking | -11 -10 -9 -9 -9 -8 ------------ Run | Yrd Mat Mat Min Exi Min Used RIF Installer . | . . . . . . Robots Hacked 6 | . 4 2 . . . Non-combat 5 | . 3 2 . . . Combat 1 | . 1 . . . . Robot Hacks Applied 10 | . 5 5 . . . parse_system 3 | . 2 1 . . . no_distress 6 | . 3 3 . . . find_recycling 1 | . . 1 . . . Relay Couplers Released . | . . . . . . Fabnet Peak Effective % . | . . . . . . Robots Rewired . | . . . . . . Allies Hacked . | . . . . . . Hacks Repelled . | . . . . . . Allies | -11 -10 -9 -9 -9 -8 -------- Run | Yrd Mat Mat Min Exi Min Total Allies . | . . . . . . Largest Group . | . . . . . . Highest-Rated Group . | . . . . . . Highest-Rated Ally . | . . . . . . Total Orders . | . . . . . . Ally Attacks . | . . . . . . Total Damage . | . . . . . . Kills . | . . . . . . Allies Corrupted . | . . . . . . Allies Melted . | . . . . . . Intel | -11 -10 -9 -9 -9 -8 ------- Run | Yrd Mat Mat Min Exi Min Robot Analysis Total . | . . . . . . Derelict Logs Recovered . | . . . . . . Drone Launches . | . . . . . . Drone Recoveries . | . . . . . . Exploration | -11 -10 -9 -9 -9 -8 ------------- Run | Yrd Mat Mat Min Exi Min Turns Passed 1551 | 49 186 614 503 81 118 Spaces Moved 1115 | 48 143 417 328 72 107 Core 4 | 3 . . 1 . . Treads . | . . . . . . Legs . | . . . . . . Wheels 1111 | 45 143 417 327 72 107 Hover . | . . . . . . Flight . | . . . . . . Fastest Speed 50 | 50 80 80 95 100 100 Average Speed 100 | 78 80 89 121 113 106 Slowest Speed 700 | 80 80 110 700 115 115 Overloaded Moves . | . . . . . . Propulsion Burnouts . | . . . . . . Robots Hopped . | . . . . . . Cave-ins Triggered . | . . . . . . Exploration Rate (%) 28 | 4 25 36 48 14 44 Regions Visited 5 Branch Regions 3 Pre-discovered Areas . | . . . . . . Known Exits Taken . | . . . . . . Unknown Exits Taken 5 | 1 1 1 1 1 . Scrap Searched . | . . . . . . Spaces Dug . | . . . . . . Terrain Destroyed 120 | . 3 117 . . . Melee . | . . . . . . Projectile . | . . . . . . AOE 120 | . 3 117 . . . Terrain Rammed . | . . . . . . Walls Destroyed . | . . . . . . Machines Disabled . | . . . . . . Actions | -11 -10 -9 -9 -9 -8 --------- Run | Yrd Mat Mat Min Exi Min Total 1415 | 56 187 596 395 71 110 Wait 141 | . 11 105 25 . . Move 1110 | 47 142 416 327 71 107 Hop . | . . . . . . Pick Up 27 | 3 6 12 6 . . Fast Attach 17 | 6 . 7 3 . 1 Attach 9 | . 1 3 3 . 2 Detach 3 | . . 2 1 . . Swap 13 | . 4 8 1 . . Drop 12 | . . 7 5 . . Fire 69 | . 15 30 24 . . Melee 14 | . 8 6 . . . Ram . | . . . . . . Kick . | . . . . . . Crush . | . . . . . . Escape Stasis . | . . . . . . Rewire . | . . . . . . Trap . | . . . . . . Miscellaneous . | . . . . . . Route ------- -11/Scrapyard -10/Materials -9/Materials -9/Mines (discovered 2 exits: [*Mat] / [*Exi]) -9/Exiles -8/Mines History --------- Turn | Location | Event 8 | -11/Scrapyard | Discovered new exit (range 16) 50 | -11/Scrapyard | Entered Materials 231 | -10/Materials | Discovered new exit (range 6) 236 | -10/Materials | Entered another Materials area 236 | -9/Materials | Evolved 2 slots: Utility x2 318 | -9/Materials | Build established: Mutant 823 | -9/Materials | Discovered new exit (range 16) 850 | -9/Materials | Entered Mines 1093 | -9/Mines | Discovered new exit (range 4) 1230 | -9/Mines | Met a Derelict who couldn't figure out how to use a Trap Extractor 1348 | -9/Mines | Deemed a non-threat by the Exiles lab entrance 1348 | -9/Mines | Discovered new exit (range 5) 1349 | -9/Mines | Assembled infested the area 1353 | -9/Mines | Entered Exiles 1382 | -9/Exiles | Met 8R-AWN 1398 | -9/Exiles | Attacked by the Exiles 1422 | -9/Exiles | Core integrity fell below 50% 1422 | -9/Exiles | Discovered new exit (range 14) 1434 | -9/Exiles | Entered Mines 1458 | -8/Mines | Lost 4 parts (2u2w) 1552 | -8/Mines | Self-destructed Last Messages --------------- 01411_ HV Slug penetrates Wall. 01411_ HV Slug penetrates as-85092. 01411_ HV Slug penetrates Machine. 01412_ Lgt. Armor Plating destroyed. 01414_ Autogun destroyed. 01416_ Penetrated by HV Slug. 01416_ Critical hit (Destroy). 01416_ Autogun destroyed. 01416_ Penetrated by HV Slug. 01422_ EXIT=FOUND 01427_ Field Recycling Unit destroyed. LOCATION=UNKNOWN GOAL=ESCAPE 01460_ 3,OJ3U41GXYHXFFA,1FQ 01479_ System corrupted: Arm. Huge Wheel rejected. 01479_ Acquired Arm. Huge Wheel. 01502_ T-07 Excavator is excavating. 01507_ System corrupted: Matter fused (-8). 01539_ System corrupted: Component data lost. Map ----- +----------------------------------------------------+ | ????????????????????????????????????? | | ????????????????????????????????????? | | ????????????????????????????????????? | | ??????####??????????????????????????? | | ?????## ??????????????????????????? | | ?????# ?????????????????????????? | | ?????? #????????????????????????? | | ??????? #???????????????????????? | | ????????# ###????????????????????? | | ?????????# ##???????????????????? | | ??????????# #???????????????????? | | ???????????# #????????????????#### | | ???????????# ####????????????## # | | ???????????# #????????????# | | ???????????## ### #???????????## | | ????????????####?# #??????????## # | | ?????????????????# ####??###### # | | ?????????????????# #?## ## | | ?????????????????#### ### | | ????????????????????# ## | | ????????????????????# ### #### | | ????????????????????# #?## ##??## | | ??????????####??????# #??####????## | | ?????????## ##?????# #???????????## | | ????????## #?????# ????????????## | | ???????## @ #?????## ?????????##### | | ???????# ##??????? ????? | | ???????# ##???????? ??????# | | ???????# ##????????? ??????# ##### | | ??????## ##?????????? ?????????????? | | ?????## #??????????? ?????????????? | | ?????# ##??????????? ?????????????? | | ?????# ##??????????? ?????????????? | | ?????## ##????????????????????????? | | ??????## ###??????????????????????? | | ???????# ####???????????????????? | | ???????# ##??????????????????? | | ???????## ##### #????????????? | | ????????## #????????????? | | ?????????#### #######????????????? | | ????????????## ##????####??????????? | | ?????????????# ##???## ######?????? | | ?????????????# ###?# ## ####### | | ?????????????# ### # | | ?????????????## #### # | | ??????????????## """ ##??# # | | ???????????????# """ ###???# # | | ???????????????# """ ##?##### # | | ?????????????? ##??# | | ????????????? ##??# | +----------------------------------------------------+ Best States ------------- Heat Dissipation 28 Energy Generation 10 Energy Capacity 250 Matter Stores 300 Matter Capacity 300 Sight Range 16 Terrain Scan Range 16 Terrain Scan Density 85 Armor Coverage 150 Evasion (%) 44 Targeting Accuracy 6 Defensive Hacking 10 Item Schematics ----------------- None Robot Schematics ------------------ None Fabricated ------------ Nothing Alien Tech Used ----------------- None Achievements -------------- None Challenges ------------ None Game ------ Seed LongswordPointSpecial Manual? 0 Play Time 00:24:32 Cumulative 13.4 hours Start 2024.05.23 @ 18:00:40 End 2024.05.24 @ 14:49:29 Sessions 5 Manual Loads 0 Difficulty Rogue Special Mode None Game No. 12 Rogue 7 Adventurer 5 Explorer 0 Win Type - Total 0 Types 0/0/0/0/0/0/0/0/0 Lore% 19 Gallery% 20 Achievement% 25 Wizard Run 0 Options --------- Layout 1 ASCII 0 Keyboard 1 Movement Numpad Keybinds 0 Fullscreen 1 Font 20/SmallcapsGlow Map View 50x35 Zoom Use 88% Tactical HUD 1 Map Filters NONE Filters NONE Steam X RUN: f54ae90e-0b12-47e2-a9e2-805983593fba